 Dungeon Crawl Stone Soup version 0.20.0-15-g7f486f2 (webtiles) character file.

14876 Gorglomux the Unseen (level 11, 49/49 HPs)
             Began as a Felid Enchanter on June 17, 2017.
             Was a High Priest of Dithmenos.
             Quit the game on level 5 of the Lair of Beasts.
             The game lasted 00:53:24 (22356 turns).

Gorglomux the Unseen (Felid Enchanter)             Turns: 22356, Time: 00:53:24

Health: 49/49      AC:  3    Str:  4    XL:     11   Next: 94%
Magic:  16/16      EV: 31    Int: 20    God:    Dithmenos [*****.]
Gold:   410        SH:  0    Dex: 21    Spells: 5/14 levels left
                                        Lives:  0   Deaths: 2

rFire    . . .     SeeInvis +     - Unarmed
rCold    + . .     Gourm    .   (shield unavailable)
rNeg     . . .     Faith    .   (armour unavailable)
rPois    .         Spirit   .   (helmet unavailable)
rElec    .         Reflect  .   (cloak unavailable)
rCorr    .         Harm     .   (gloves unavailable)
MR       +....                  (boots unavailable)
Stlth    ++++++++++             (no amulet)
Regen    0.2/turn               o - +3 ring of intelligence
MPRegen  0.2/turn               (no ring)

@: wreathed by umbra, quick
A: no armour, no weapons or thrown items, stealth, claws 1, fangs 3, see
invisible, carnivore 3, speed 1, shaggy fur 3, slow metabolism 1, sharp paws
a: Shadow Step, Shadow Form, Renounce Religion


You were on level 5 of the Lair of Beasts.
You worshipped Dithmenos.
Dithmenos was extremely pleased with you.
You were not hungry.

You visited 3 branches of the dungeon, and saw 17 of its levels.
You also visited: Sewer and Ice Cave.

You collected 930 gold pieces.
You spent 520 gold pieces at shops.

Inventory:

Jewellery
 i - a cursed ring of loudness {unknown}
 o - a +3 ring of intelligence (left paw)
Wands
 m - a wand of iceblast (5/15)
 n - a wand of iceblast (11/15)
 A - a wand of acid (14/15)
 D - a wand of digging (15/24)
 I - a wand of iceblast (7/15)
 P - a wand of paralysis (11/24)
Scrolls
 j - a scroll of blinking {unknown}
 k - a scroll of vulnerability {unknown}
 l - a scroll of brand weapon {unknown}
 p - a scroll of amnesia
 r - a scroll of random uselessness {unknown}
 w - a scroll of holy word {unknown}
 y - a scroll of silence {unknown}
 C - 6 scrolls of fog
 G - 5 scrolls of fear
 M - a scroll of magic mapping
 O - 6 scrolls of recharging
 R - 2 scrolls of identify
 S - a scroll of noise {unknown}
 T - 7 scrolls of teleportation
 V - 5 scrolls of remove curse
Potions
 q - a potion of ambrosia {unknown}
 s - a potion of resistance
 t - a potion of invisibility {unknown}
 v - 6 potions of haste
 x - 4 potions of berserk rage
 B - 6 potions of magic
 F - a potion of mutation {!q}
 H - 4 potions of lignification
 J - 5 potions of might
 L - 3 potions of cancellation
 N - 3 potions of agility {unknown}
 Q - 9 potions of curing
 U - 4 potions of heal wounds
 W - 6 potions of brilliance
 Z - 2 potions of flight
Books
 a - a book of Maledictions

   Spells                             Type                      Level
   a - Corona                         Hexes                        1
   b - Ensorcelled Hibernation        Hexes/Ice                    2
   c - Confuse                        Hexes                        3
   d - Tukima's Dance                 Hexes                        3
   e - Dazzling Spray                 Conjuration/Hexes            3
 u - a book of Geomancy

   Spells                             Type                      Level
   a - Sandblast                      Earth                        1
   b - Passwall                       Transmutation/Earth          2
   c - Stone Arrow                    Conjuration/Earth            3
   d - Petrify                        Transmutation/Earth          4
   e - Lee's Rapid Deconstruction     Earth                        5
 E - a book of Misfortune

   Spells                             Type                      Level
   a - Confusing Touch                Hexes                        1
   b - Confuse                        Hexes                        3
   c - Gell's Gravitas                Translocation                3
   d - Petrify                        Transmutation/Earth          4
   e - Metabolic Englaciation         Hexes/Ice                    5
   f - Yara's Violent Unravelling     Hexes/Transmutation          5
 X - a book of Minor Magic

   Spells                             Type                      Level
   a - Magic Dart                     Conjuration                  1
   b - Blink                          Translocation                2
   c - Call Imp                       Summoning                    2
   d - Slow                           Hexes                        2
   e - Conjure Flame                  Conjuration/Fire             3
   f - Mephitic Cloud                 Conjuration/Poison/Air       3
 Y - a book of Cantrips

   Spells                             Type                      Level
   a - Confusing Touch                Hexes                        1
   b - Animate Skeleton               Necromancy                   1
   c - Summon Small Mammal            Summoning                    1
   d - Apportation                    Translocation                1
Comestibles
 z - 12 meat rations
 K - 2 royal jellies


   Skills:
 + Level 6.6 Fighting
 - Level 13.1 Dodging
 - Level 18.1 Stealth
 - Level 10.0 Unarmed Combat
 - Level 2.0 Spellcasting
 - Level 2.0 Conjurations
 - Level 15.4 Hexes
 - Level 6.1 Invocations


You had 5 spell levels left.
You knew the following spells:

 Your Spells              Type           Power        Failure   Level  Hunger
b - Confusing Touch       Hex            ######       1%          1    #......
q - Dazzling Spray        Conj/Hex       #####.       1%          3    ###....
x - Confuse               Hex            ######..     1%          3    ###....
z - Ensorcelled Hibernat  Hex/Ice        ####..       1%          2    ##.....


Dungeon Overview and Level Annotations

Branches:
Dungeon (11/15)            Temple (1/1) D:7            Lair (5/6) D:10
  Swamp (0/4) Lair:3       Spider (0/4) Lair:3
  Slime: Lair:5-6       Orc: D:9-12

Altars:
Ashenzari
Cheibriados
Dithmenos
Elyvilon
Fedhas
Gozag
Hepliaklqana
Kikubaaqudgha
Makhleb
Nemelex Xobeh
Okawaru
Qazlal
Ru
Sif Muna
Trog
Uskayaw
Vehumet
Xom
Yredelemnul
Zin
The Shining One

Shops:
D:6 =   D:11 !=(!


Innate Abilities, Weirdness & Mutations

You cannot wear armour.
You are incapable of wielding weapons or throwing items.
Your paws allow you to move quietly. (Stealth)
You have sharp claws.
You have razor-sharp teeth.
You have supernaturally acute eyesight. (SInv)
You are carnivorous and can eat meat at any time.
You cover ground quickly.
Your thick and shaggy fur keeps you warm. (AC +3, rC+)
You have a slow metabolism.
Your sharp claws are effective at attacking unaware monsters.


Message History

Confirm with . or Enter, or press ? or * to list all spells.
Aiming: Dazzling Spray
Press: ? - help, Shift-Dir - straight line, f/p - death yak
Aim: a death yak (moderately wounded, umbra)
The spray of energy hits the death yak.
The death yak is moderately wounded.
The spray of energy hits the death yak.
The death yak is lightly wounded.
The spray of energy hits the death yak.
The death yak is almost dead.
Your shadow mimicks your spell!
The shadow shard hits the death yak.
You hear a bellow!
The death yak gores you!!
You die...
You are now level 11!
You rejoin the land of the living...
A porcupine and a polar bear come into view.
Unknown command.
Are you sure you want to abandon this character and quit the game? (Confirm with "yes".)

......###.+##....#.#...#.
##
.......##..##..>.#...P.#
..
...........#...........#
..
......................P#
..
........................
.. ......................
. ..
........................
..
..................#.....
.. #...###....P....@...#.
.. ....
######.....P...... ##
#.......r....
#............
..............
.h#.....#...... #
.............
#........P...#


You could see a polar bear (sleeping) and a porcupine (wandering).

Vanquished Creatures
  Snorg (D:10)
  Fannar (Lair:1)
  The ghost of Wanze the Protected, a journeyman HaWr of the Shining One (Lair:1)
  Harold (D:10)
  4 hydras
  A centaur warrior (D:11)
  5 two-headed ogres
  2 ugly things (D:11)
  14 elephants
  2 cyclopes
  A black mamba (Lair:2)
  Maurice (D:9)
  9 spiny frogs
  A centaur skeleton (D:11)
  8 komodo dragons
  10 freezing wraiths (IceCv)
  2 rime drakes
  A wolf spider simulacrum (IceCv)
  A jumping spider (Lair:3)
  A polar bear (Lair:2)
  A hornet (D:7)
  10 blink frogs
  Prince Ribbit (D:6)
  2 hippogriffs
  3 wyverns
  Eustachio (D:6)
  29 yaks
  2 basilisks
  A death yak simulacrum (IceCv)
  2 hungry ghosts
  7 water moccasins
  2 hell hounds (D:10)
  5 porcupines
  2 orc warriors
  Purgy (Sewer)
  8 ice beasts
  A hornet zombie (D:9)
  2 black bears
  2 sky beasts
  An alligator simulacrum (IceCv)
  A necrophage (D:11)
  8 ogres
  5 phantoms
  4 crocodiles
  13 centaurs
  2 big kobolds
  7 bullfrogs
  Blork the orc (D:4)
  3 scorpions
  10 wights
  3 howler monkeys (D:8)
  An electric eel (Lair:1)
  8 crimson imps
  3 draconian simulacra (IceCv)
  A bullfrog zombie (D:7)
  A centaur zombie (D:5)
  A bullfrog skeleton (D:4)
  5 hounds
  6 orc priests
  2 jellies (D:9)
  3 iguanas
  6 orc wizards
  2 spriggan simulacra (IceCv)
  11 worker ants
  A wolf simulacrum (IceCv)
  A hound skeleton (D:10)
  A howler monkey skeleton (D:6)
  8 adders
  2 gnolls (D:3)
  2 naga simulacra (IceCv)
  2 ogre simulacra (IceCv)
  A shadow imp (D:9)
  24 white imps
  2 oozes (D:5)
  2 adder skeletons
  3 worms
  2 dart slugs
  4 leopard geckos
  26 orcs
  3 bats
  7 giant cockroaches
  8 goblins
  12 hobgoblins
  4 jackals
  21 kobolds
  8 quokkas
  3 ball pythons
  7 frilled lizards
  A jackal skeleton (D:7)
  A leopard gecko skeleton (D:7)
  5 rats
  2 fungi
420 creatures vanquished.

Vanquished Creatures (collateral kills)
  A goblin (D:2)
1 creature vanquished.

Vanquished Creatures (others)
  A blink frog (Lair:3)
  A bush (Lair:5)
  4 fungi
  A plant (Lair:5)
7 creatures vanquished.

Grand Total: 428 creatures vanquished

Notes
Turn   | Place    | Note
-------+----------+-------------------------------------------
     0 | D:1      | Gorglomux the Felid Enchanter began the quest for the Orb.
     0 | D:1      | Reached XP level 1. HP: 7/7 MP: 4/4
   950 | D:1      | Reached XP level 2. HP: 9/11 MP: 4/6
  1054 | D:1      | Learned a level 2 spell: Ensorcelled Hibernation
  2199 | D:2      | Reached skill level 3 in Unarmed Combat
  2231 | D:2      | Reached XP level 3. HP: 14/14 MP: 7/7
  2702 | D:2      | Learned a level 3 spell: Confuse
  3640 | D:3      | Reached XP level 4. HP: 18/18 MP: 1/8
  4150 | D:4      | Noticed Blork the orc
  4170 | D:4      | Killed Blork the orc
  4170 | D:4      | Reached XP level 5. HP: 4/21 MP: 4/9
  4374 | D:4      | Noticed a phantom
  4481 | D:4      | Noticed a phantom
  4503 | D:4      | Found an opulent altar of Gozag.
  4669 | D:4      | Learned a level 1 spell: Confusing Touch
  4738 | D:4      | Killed a phantom
  4738 | D:4      | Reached skill level 6 in Hexes
  4738 | D:4      | Gained mutation: You are covered in thick fur. (AC +2) [Felid growth]
  4738 | D:4      | Reached XP level 6. HP: 23/24 MP: 3/10
  4772 | D:4      | Found a glowing drain.
  4820 | Sewer    | Entered a sewer
  4847 | Sewer    | Noticed Purgy
  4858 | Sewer    | Killed Purgy
  4858 | Sewer    | Reached skill level 5 in Stealth
  5223 | D:4      | Reached skill level 6 in Stealth
  5223 | D:4      | Reached XP level 7. HP: 27/27 MP: 8/11
  5272 | D:4      | Reached skill level 7 in Stealth
  5414 | D:4      | Reached skill level 8 in Stealth
  5658 | D:5      | Entered Level 5 of the Dungeon
  5833 | D:5      | Reached skill level 9 in Stealth
  6218 | D:5      | Reached skill level 10 in Stealth
  6218 | D:5      | Reached XP level 8. HP: 25/31 MP: 0/12
  6468 | D:6      | Reached skill level 1 in Fighting
  6556 | D:6      | Found Duti's Jewellery Boutique.
  6756 | D:6      | Noticed Prince Ribbit
  6762 | D:6      | Killed Prince Ribbit
  6762 | D:6      | Reached skill level 3 in Fighting
  6773 | D:6      | Reached skill level 3 in Dodging
  7002 | D:6      | Noticed Eustachio
  7009 | D:6      | Killed Eustachio
  7009 | D:6      | Reached skill level 6 in Dodging
  7537 | D:7      | Reached XP level 9. HP: 28/38 MP: 8/13
  7689 | D:7      | Found a staircase to the Ecumenical Temple.
  7718 | D:7      | Reached skill level 9 in Dodging
  7726 | Temple   | Entered the Ecumenical Temple
  8158 | D:7      | Found a white marble altar of Elyvilon.
  8159 | D:7      | Found a shadowy altar of Dithmenos.
  8161 | D:7      | Found an opulent altar of Gozag.
  8161 | D:7      | Found a bloodstained altar of Trog.
  8169 | D:7      | Became a worshipper of Dithmenos the Shadowed
  9015 | D:8      | Learned a level 3 spell: Dazzling Spray
  9021 | D:8      | Reached skill level 12 in Dodging
  9029 | D:8      | Reached * piety under Dithmenos
  9106 | D:8      | Noticed a two-headed ogre
  9110 | D:8      | Killed a two-headed ogre
  9152 | D:8      | Reached XP level 10. HP: 42/42 MP: 14/14
  9172 | D:8      | Reached skill level 1 in Conjurations
  9630 | D:8      | Found a stormy altar of Qazlal.
  9937 | D:9      | Noticed a two-headed ogre
 10126 | D:8      | Noticed a cyclops
 10135 | D:8      | Killed a cyclops
 10181 | D:9      | Noticed Maurice
 10186 | D:9      | Reached skill level 9 in Hexes
 10208 | D:9      | Killed Maurice
 10351 | D:9      | Killed a two-headed ogre
 10507 | D:9      | Reached ** piety under Dithmenos
 10580 | D:9      | Noticed a two-headed ogre
 10663 | D:9      | Killed a two-headed ogre
 10663 | D:9      | Reached skill level 12 in Hexes
 11073 | D:9      | Found a burning altar of Makhleb.
 11073 | D:9      | Noticed a two-headed ogre
 11087 | D:9      | Killed a two-headed ogre
 11087 | D:9      | Reached XP level 11. HP: 21/45 MP: 8/15
 11253 | D:10     | Entered Level 10 of the Dungeon
 11258 | D:10     | Noticed Harold
 11270 | D:10     | Killed Harold
 11623 | D:10     | Found a sparkling altar of Nemelex Xobeh.
 11713 | D:10     | Noticed Snorg
 11860 | D:10     | Killed Snorg
 11860 | D:10     | Reached skill level 15 in Hexes
 12142 | D:10     | Reached skill level 6 in Unarmed Combat
 12483 | D:10     | Found a staircase to the Lair.
 12498 | D:10     | Reached *** piety under Dithmenos
 12914 | D:11     | Found Kumer's Distillery.
 12921 | D:11     | Bought a potion of degeneration for 16 gold pieces
 12921 | D:11     | Bought a potion of haste for 160 gold pieces
 12921 | D:11     | Bought a potion of heal wounds for 80 gold pieces
 13043 | D:11     | Noticed a green ugly thing
 13062 | D:11     | Killed a green ugly thing
 13155 | D:11     | Noticed a centaur warrior
 13181 | D:11     | Killed a centaur warrior
 13401 | D:11     | Found Fonkymnarph's Weapon Emporium.
 13432 | D:11     | Noticed a green ugly thing
 13444 | D:11     | Killed a green ugly thing
 13449 | D:11     | Reached skill level 9 in Unarmed Combat
 13527 | D:11     | Noticed a two-headed ogre
 13542 | D:11     | Killed a two-headed ogre
 14043 | D:11     | Gained mutation: Your thick and shaggy fur keeps you warm. (AC +3, rC+) [Felid growth]
 14043 | D:11     | Reached XP level 12. HP: 49/49 MP: 12/16
 14078 | D:11     | Found Duclixy's Distillery.
 14086 | D:11     | Bought a potion of resistance for 110 gold pieces
 14086 | D:11     | Bought a potion of brilliance for 44 gold pieces
 14086 | D:11     | Bought a potion of curing for 33 gold pieces
 14086 | D:11     | Bought a potion of curing for 33 gold pieces
 14086 | D:11     | Bought a potion of might for 44 gold pieces
 14099 | D:11     | Found Tuuggowo's Jewellery Shoppe.
 14279 | D:11     | Reached skill level 1 in Invocations
 14362 | Lair:1   | Entered Level 1 of the Lair of Beasts
 14362 | Lair:1   | Noticed a six-headed hydra
 14577 | Lair:1   | Killed a six-headed hydra
 14577 | Lair:1   | Reached skill level 3 in Invocations
 14638 | Lair:1   | Noticed a six-headed hydra
 14653 | Lair:1   | Killed a six-headed hydra
 14653 | Lair:1   | Reached **** piety under Dithmenos
 14689 | Lair:1   | Noticed Wanze's ghost (journeyman HaWr)
 15400 | Lair:1   | Reached skill level 6 in Invocations
 15601 | Lair:1   | Reached skill level 11 in Stealth
 15958 | Lair:1   | Killed Wanze's ghost
 15958 | Lair:1   | Reached skill level 12 in Stealth
 16093 | Lair:1   | Noticed Fannar
 16104 | Lair:1   | Killed Fannar
 16299 | Lair:1   | Reached skill level 13 in Stealth
 16946 | Lair:2   | Reached skill level 14 in Stealth
 18129 | Lair:2   | Reached XP level 13. HP: 52/52 MP: 18/18
 18354 | Lair:3   | Reached skill level 15 in Stealth
 18428 | Lair:3   | Found a staircase to the Swamp.
 18447 | Lair:3   | Found a hole to the Spider Nest.
 18478 | Lair:3   | Found a frozen archway.
 18703 | Lair:3   | Reached ***** piety under Dithmenos
 18712 | IceCv    | Entered an ice cave
 18738 | IceCv    | Reached skill level 16 in Stealth
 19334 | IceCv    | Found an ancient bone altar of Kikubaaqudgha.
 19711 | IceCv    | Reached skill level 17 in Stealth
 20805 | Lair:4   | Reached skill level 18 in Stealth
 20854 | Lair:4   | Mangled by an elephant
 20855 | Lair:4   | Reached XP level 12. HP: -10/49 MP: 1/17
 21629 | Lair:5   | Noticed a four-headed hydra
 21643 | Lair:5   | Killed a four-headed hydra
 21663 | Lair:5   | Noticed a death yak
 21663 | Lair:5   | Noticed a death yak
 21663 | Lair:5   | Noticed a death yak
 21664 | Lair:5   | Noticed a death yak
 21665 | Lair:5   | Noticed a death yak
 21666 | Lair:5   | Noticed a death yak
 22035 | Lair:5   | Reached skill level 6 in Fighting
 22355 | Lair:5   | Slain by a death yak
 22356 | Lair:5   | Reached XP level 11. HP: -4/49 MP: 9/16
 22356 | Lair:5   | Quit the game

Skill      XL: |  1  2  3  4  5  6  7  8  9 10 11 12 13 |
---------------+----------------------------------------+-----
Unarmed Combat | 2 3 4 5 9 10 | 10.0
Hexes          | 6 7 13 15 | 15.4
Stealth        | 6 10 14 18 | 18.1
Fighting       | 3 6 |  6.6
Dodging        | 8 13 | 13.1
Conjurations   | 2 |  2.0
Invocations    | 6 |  6.1
Spellcasting   | |  2.0

Action                   |  1- 3 |  4- 6 |  7- 9 | 10-12 | 13-15 || total
-------------------------+-------+-------+-------+-------+-------++-------
Melee: Unarmed           |    97 |    90 |   240 |   540 |   241 ||  1208
       Bite              |     7 |     9 |    17 |    52 |    31 ||   116
       Punch             |       |     1 |     3 |    24 |    10 ||    38
 Cast: Corona            |    16 |     1 |     1 |       |       ||    18
       Ensorcelled Hiber |    29 |    23 |    35 |   125 |    20 ||   232
       Confuse           |     6 |     5 |    16 |    53 |    15 ||    95
       Confusing Touch   |       |     2 |    11 |    33 |    19 ||    65
       Dazzling Spray    |       |       |       |    55 |    26 ||    81
Invok: Shadow Step       |       |       |       |       |     1 ||     1
  Use: Potion            |     2 |       |       |     1 |       ||     3
       Scroll            |       |     3 |    10 |     4 |     1 ||    18
 Stab: Sleeping          |    28 |    20 |    51 |    96 |    30 ||   225
       Distracted        |     1 |     2 |       |     6 |     1 ||    10
       Confused          |     1 |     5 |    14 |    70 |    23 ||   113
       Invisible         |       |       |       |    11 |     2 ||    13
  Eat: Chunk             |    15 |     6 |    17 |    48 |    12 ||    98
Armor: Skin              |     2 |     5 |    12 |    12 |     5 ||    36
Dodge: Dodged            |    70 |    69 |   161 |   504 |   330 ||  1134
